| TOP OF THE 1ST |
|
West Virginia Black Bears batting - Pitching for Los Angeles (NYP) Dodgers : LHP Billy Nash
|
|
Pitching: LHP Billy Nash
|
|
|
Batting: SHB Don Hauk
|
0-0: Ball 1-0: Called Strike 1-1: Ball 2-1: Ball 3-1: Fly out, F9 (Flyball, 89M, EV 86.2 MPH)
|
|
Batting: RHB Brandon White
|
0-0: Ball 1-0: Ball 2-0: Foul Ball, location: 2F 2-1: Foul Ball, location: 2F 2-2: Reached on error, E6 (Groundball, 6, EV 100.0 MPH)
|
|
Batting: RHB Jaime Dubicki
|
0-0: Swinging Strike 0-1: Fly out, F9 (Flyball, 9, EV 83.1 MPH)
|
|
Batting: RHB Killian Jones
|
0-0: Called Strike 0-1: Ball Wild Pitch! Brandon White to third 1-1: Foul Ball, location: 2F 1-2: Ball 2-2: Ball 3-2: Base on Balls
|
|
Batting: LHB Norm Silveira-Wray
|
0-0: Swinging Strike 0-1: Ground out 6-3 (Groundball, 6M, EV 90.6 MPH)
|
| Top of the 1st over - 0 runs, 0 hits, 1 error, 2 left on base; West Virginia 0 - Los Angeles (NYP) 0 |
| BOTTOM OF THE 1ST |
|
Los Angeles (NYP) Dodgers batting - Pitching for West Virginia Black Bears : RHP Jerry Spitler
|
|
Pitching: RHP Jerry Spitler
|
|
|
Batting: SHB Alex Noval
|
0-0: Swinging Strike 0-1: Swinging Strike 0-2: Ball 1-2: Strikes out swinging
|
|
Batting: RHB Adam Maczko
|
0-0: Ball 1-0: Ball 2-0: DOUBLE (Flyball, 8RXD, EV 98.1 MPH)
|
|
Batting: RHB Tommy Hunter
|
0-0: Swinging Strike 0-1: Foul Ball, location: 2F 0-2: Ball Wild Pitch! Adam Maczko to third 1-2: Ball 2-2: Ball 3-2: Foul Ball, location: 2F 3-2: Strikes out swinging
|
|
Batting: RHB Juan Gallegos
|
0-0: Foul Ball, location: 2F 0-1: Ball 1-1: Ball 2-1: Ground out 4-3 (Groundball, 4, EV 86.2 MPH)
|
| Bottom of the 1st over - 0 runs, 1 hit, 0 errors, 1 left on base; West Virginia 0 - Los Angeles (NYP) 0 |
| TOP OF THE 2ND |
|
West Virginia Black Bears batting - Pitching for Los Angeles (NYP) Dodgers : LHP Billy Nash
|
|
Batting: RHB Tim Moore
|
0-0: Ball 1-0: Called Strike 1-1: Foul Ball, location: 2F 1-2: Fly out, F8 (Flyball, 8RM, EV 96.2 MPH)
|
|
Batting: RHB Brian Moore
|
0-0: Called Strike 0-1: Swinging Strike 0-2: Strikes out looking
|
|
Batting: RHB John DeVillier
|
0-0: Swinging Strike 0-1: Called Strike 0-2: Fly out, F9 (Flyball, 89S, EV 82.5 MPH)
|
| Top of the 2nd over - 0 runs, 0 hits, 0 errors, 0 left on base; West Virginia 0 - Los Angeles (NYP) 0 |
| BOTTOM OF THE 2ND |
|
Los Angeles (NYP) Dodgers batting - Pitching for West Virginia Black Bears : RHP Jerry Spitler
|
|
Batting: LHB Fernão Manta
|
0-0: Foul Ball, location: 2F 0-1: Ground out 1-3 (Groundball, 13S, EV 65.6 MPH)
|
|
Batting: RHB Brad Brady
|
0-0: Swinging Strike 0-1: Ball 1-1: Ball 2-1: Swinging Strike 2-2: Ball 3-2: Foul Ball, location: 2F 3-2: Base on Balls
|
|
Batting: LHB Bobby Gambrell
|
0-0: Ball 1-0: Called Strike 1-1: Hit by Pitch Brad Brady to second
|
|
Batting: RHB Bob Magana
|
0-0: SINGLE (Line Drive, 9S, EV 103.8 MPH) Brad Brady to third Bobby Gambrell to second
|
|
Batting: SHB Josh Vaill
|
0-0: Called Strike 0-1: Fielders Choice at 2nd, 4-6 (Groundball, 4, EV 99.4 MPH) Brad Brady scores Bobby Gambrell to third
|
|
Batting: SHB Alex Noval
|
0-0: Ball 1-0: Ball 2-0: Foul Ball, location: 2F 2-1: Ball 3-1: Ground out 4-3 (Groundball, 4, EV 106.2 MPH)
|
| Bottom of the 2nd over - 1 run, 1 hit, 0 errors, 2 left on base; West Virginia 0 - Los Angeles (NYP) 1 |
| TOP OF THE 3RD |
|
West Virginia Black Bears batting - Pitching for Los Angeles (NYP) Dodgers : LHP Billy Nash
|
|
Batting: RHB Seung-mun Kim
|
0-0: Ball 1-0: Swinging Strike 1-1: Ball 2-1: Swinging Strike 2-2: Strikes out swinging
|
|
Batting: SHB Don Hauk
|
0-0: Ground out 6-3 (Groundball, 6, EV 107.5 MPH)
|
|
Batting: RHB Brandon White
|
0-0: Swinging Strike 0-1: Swinging Strike 0-2: Strikes out looking
|
| Top of the 3rd over - 0 runs, 0 hits, 0 errors, 0 left on base; West Virginia 0 - Los Angeles (NYP) 1 |
| BOTTOM OF THE 3RD |
|
Los Angeles (NYP) Dodgers batting - Pitching for West Virginia Black Bears : RHP Jerry Spitler
|
|
Batting: RHB Adam Maczko
|
0-0: Ground out 6-3 (Groundball, 6, EV 83.8 MPH)
|
|
Batting: RHB Tommy Hunter
|
0-0: Swinging Strike 0-1: Ball 1-1: Foul Ball, location: 2F 1-2: Ball 2-2: Foul Ball, location: 2F 2-2: Ground out 4-3 (Groundball, 4, EV 87.5 MPH)
|
|
Batting: RHB Juan Gallegos
|
0-0: Called Strike 0-1: Ball 1-1: Ground out 4-3 (Groundball, 4S, EV 90.6 MPH)
|
| Bottom of the 3rd over - 0 runs, 0 hits, 0 errors, 0 left on base; West Virginia 0 - Los Angeles (NYP) 1 |
| TOP OF THE 4TH |
|
West Virginia Black Bears batting - Pitching for Los Angeles (NYP) Dodgers : LHP Billy Nash
|
|
Batting: RHB Jaime Dubicki
|
0-0: Ball 1-0: Called Strike 1-1: Called Strike 1-2: Foul Ball, location: 2F 1-2: Ground out U3 (Groundball, 34S, EV 83.8 MPH)
|
|
Batting: RHB Killian Jones
|
0-0: Foul Ball, location: 2F 0-1: Ball 1-1: Foul Ball, location: 2F 1-2: Strikes out swinging
|
|
Batting: LHB Norm Silveira-Wray
|
0-0: Ball 1-0: Foul Ball, location: 2F 1-1: Ground out 4-3 (Groundball, 4, EV 88.1 MPH)
|
| Top of the 4th over - 0 runs, 0 hits, 0 errors, 0 left on base; West Virginia 0 - Los Angeles (NYP) 1 |
| BOTTOM OF THE 4TH |
|
Los Angeles (NYP) Dodgers batting - Pitching for West Virginia Black Bears : RHP Jerry Spitler
|
|
Batting: LHB Fernão Manta
|
0-0: SINGLE (Groundball, 23, EV 72.5 MPH) (infield hit)
|
|
Batting: RHB Brad Brady
|
0-0: Ball 1-0: 2-RUN HOME RUN (Flyball, 89XD, EV 111.9 MPH), Distance : 436 ft
|
|
Batting: LHB Bobby Gambrell
|
0-0: Ball 1-0: Ground out 6-3 (Groundball, 6, EV 108.1 MPH)
|
|
Batting: RHB Bob Magana
|
0-0: Called Strike 0-1: Fly out, F7 (Line Drive, 78M, EV 104.4 MPH)
|
|
Batting: SHB Josh Vaill
|
0-0: Ball 1-0: SINGLE (Groundball, 6MD, EV 101.2 MPH)
|
|
Batting: SHB Alex Noval
|
0-0: Called Strike 0-1: Foul Ball, location: 2F 0-2: Strikes out swinging
|
| Bottom of the 4th over - 2 runs, 3 hits, 0 errors, 1 left on base; West Virginia 0 - Los Angeles (NYP) 3 |
| TOP OF THE 5TH |
|
West Virginia Black Bears batting - Pitching for Los Angeles (NYP) Dodgers : LHP Billy Nash
|
|
Batting: RHB Tim Moore
|
0-0: Called Strike 0-1: Ball 1-1: Called Strike 1-2: Ball 2-2: Ball 3-2: Base on Balls
|
|
Batting: RHB Brian Moore
|
0-0: Ball Balk! Tim Moore to second 1-0: Called Strike 1-1: SINGLE (Groundball, 6MS, EV 90.0 MPH) (infield hit) Tim Moore to third
|
|
Batting: RHB John DeVillier
|
0-0: Called Strike 0-1: 3-RUN HOME RUN (Line Drive, 78XD, EV 105.6 MPH), Distance : 442 ft
|
|
Batting: RHB Seung-mun Kim
|
0-0: Swinging Strike 0-1: Swinging Strike 0-2: Strikes out swinging
|
|
Batting: SHB Don Hauk
|
0-0: Ball 1-0: Swinging Strike 1-1: Ground out 6-3 (Groundball, 56, EV 90.6 MPH)
|
|
Pitching: RHP Alfredo Sanchez
|
|
|
Batting: RHB Brandon White
|
0-0: Ball 1-0: Ball 2-0: Foul Ball, location: 2F 2-1: Ground out 6-3 (Groundball, 6, EV 82.5 MPH)
|
| Top of the 5th over - 3 runs, 2 hits, 0 errors, 0 left on base; West Virginia 3 - Los Angeles (NYP) 3 |
| BOTTOM OF THE 5TH |
|
Los Angeles (NYP) Dodgers batting - Pitching for West Virginia Black Bears : RHP Jerry Spitler
|
|
Batting: RHB Adam Maczko
|
0-0: Ball 1-0: Called Strike 1-1: Called Strike 1-2: Ground out U3 (Groundball, 34, EV 98.8 MPH)
|
|
Batting: RHB Tommy Hunter
|
0-0: Ball 1-0: Ground out 3-1 (Groundball, 34, EV 83.8 MPH)
|
|
Batting: RHB Juan Gallegos
|
0-0: Ball 1-0: TRIPLE (Flyball, 89XD, EV 106.9 MPH)
|
|
Batting: LHB Fernão Manta
|
0-0: Swinging Strike 0-1: Ball 1-1: Ball Passed Ball! Juan Gallegos scores 2-1: Foul Ball, location: 2F 2-2: Foul Ball, location: 2F 2-2: Foul Ball, location: 2F 2-2: Ground out 4-3 (Groundball, 4, EV 85.6 MPH)
|
| Bottom of the 5th over - 1 run, 1 hit, 0 errors, 0 left on base; West Virginia 3 - Los Angeles (NYP) 4 |
| TOP OF THE 6TH |
|
West Virginia Black Bears batting - Pitching for Los Angeles (NYP) Dodgers : RHP Alfredo Sanchez
|
|
Batting: RHB Jaime Dubicki
|
0-0: Ball 1-0: Foul Ball, location: 2F 1-1: Ground out U3 (Groundball, 34S, EV 85.6 MPH)
|
|
Batting: RHB Killian Jones
|
0-0: Ball 1-0: Swinging Strike 1-1: Ball 2-1: Called Strike 2-2: Foul Ball, location: 2F 2-2: Foul Ball, location: 2F 2-2: Foul Ball, location: 2F 2-2: Ball 3-2: Strikes out swinging
|
|
Batting: LHB Norm Silveira-Wray
|
0-0: Swinging Strike 0-1: Ball 1-1: Ground out U3 (Groundball, 34S, EV 87.5 MPH)
|
| Top of the 6th over - 0 runs, 0 hits, 0 errors, 0 left on base; West Virginia 3 - Los Angeles (NYP) 4 |
| BOTTOM OF THE 6TH |
|
Los Angeles (NYP) Dodgers batting - Pitching for West Virginia Black Bears : RHP Jerry Spitler
|
|
Batting: RHB Brad Brady
|
0-0: Called Strike 0-1: Ball 1-1: Ball 2-1: Ball 3-1: Foul Ball, location: 2F 3-2: Foul Ball, location: 2F 3-2: Strikes out swinging
|
|
Pitching: RHP Frank Morris
|
|
|
Batting: LHB Bobby Gambrell
|
0-0: Ball 1-0: Ball 2-0: Foul Ball, location: 2F 2-1: Ball 3-1: Base on Balls
|
|
Batting: RHB Bob Magana
|
0-0: Called Strike 0-1: Ball 1-1: Called Strike Bobby Gambrell steals 2nd base 1-2: Strikes out swinging
|
|
Batting: SHB Josh Vaill
|
0-0: Foul Ball, location: 2F 0-1: Called Strike 0-2: Ball 1-2: Ball 2-2: Ground out 5-3 (Groundball, 56, EV 88.8 MPH)
|
| Bottom of the 6th over - 0 runs, 0 hits, 0 errors, 1 left on base; West Virginia 3 - Los Angeles (NYP) 4 |
| TOP OF THE 7TH |
|
West Virginia Black Bears batting - Pitching for Los Angeles (NYP) Dodgers : RHP Alfredo Sanchez
|
|
Batting: RHB Tim Moore
|
0-0: Hit by Pitch
|
|
Batting: RHB Brian Moore
|
0-0: Called Strike 0-1: Ball 1-1: Swinging Strike 1-2: Foul Ball, location: 2F 1-2: Ball 2-2: Foul Ball, location: 2F 2-2: Foul Ball, location: 2F 2-2: Strikes out swinging
|
|
Batting: RHB John DeVillier
|
0-0: Ball 1-0: Ball 2-0: Ball 3-0: Called Strike 3-1: Base on Balls Tim Moore to second
|
|
Batting: RHB Seung-mun Kim
|
0-0: Called Strike 0-1: Foul Ball, location: 2F 0-2: Hit by Pitch Tim Moore to third John DeVillier to second
|
|
Batting: SHB Don Hauk
|
0-0: Ball 1-0: Ball 2-0: SINGLE (Groundball, 34D, EV 103.1 MPH) Tim Moore scores John DeVillier to third Seung-mun Kim to second
|
|
Batting: RHB Brandon White
|
0-0: Ball 1-0: Ball 2-0: Ball 3-0: Base on Balls John DeVillier scores Seung-mun Kim to third Don Hauk to second
|
|
Pitching: RHP Ramon Luna
|
|
|
Batting: RHB Jaime Dubicki
|
0-0: Grounds into fielders choice 5-2 (Groundball, 5, EV 93.1 MPH) Don Hauk to third Brandon White to second
|
|
Batting: RHB Killian Jones
|
0-0: Foul Ball, location: 2F 0-1: Fly out, F8 (Flyball, 89D, EV 96.9 MPH)
|
| Top of the 7th over - 2 runs, 1 hit, 0 errors, 3 left on base; West Virginia 5 - Los Angeles (NYP) 4 |
| BOTTOM OF THE 7TH |
|
Los Angeles (NYP) Dodgers batting - Pitching for West Virginia Black Bears : RHP Frank Morris
|
|
Now at 2B: Tyler West
|
|
|
Now at SS: John DeVillier
|
|
|
Batting: SHB Alex Noval
|
0-0: Called Strike 0-1: Foul Ball, location: 2F 0-2: Ball 1-2: Strikes out swinging
|
|
Batting: RHB Adam Maczko
|
0-0: Called Strike 0-1: SINGLE (Groundball, 4D, EV 105.0 MPH)
|
|
Batting: RHB Tommy Hunter
|
0-0: Ball 1-0: Called Strike 1-1: Ball 2-1: Ball 3-1: Grounds into double play, U4-3 (Groundball, 6M, EV 100.6 MPH)
|
| Bottom of the 7th over - 0 runs, 1 hit, 0 errors, 0 left on base; West Virginia 5 - Los Angeles (NYP) 4 |
| TOP OF THE 8TH |
|
West Virginia Black Bears batting - Pitching for Los Angeles (NYP) Dodgers : RHP Ramon Luna
|
|
Batting: LHB Norm Silveira-Wray
|
0-0: Foul Ball, location: 2F 0-1: Swinging Strike 0-2: Ground out 6-3 (Groundball, 6, EV 88.8 MPH)
|
|
Batting: RHB Tyler West
|
0-0: Swinging Strike 0-1: Ball 1-1: Ball 2-1: Foul Ball, location: 2F 2-2: Ground out 6-3 (Groundball, 6, EV 89.4 MPH)
|
|
Batting: RHB Brian Moore
|
0-0: Called Strike 0-1: Called Strike 0-2: Ball 1-2: Fly out, F8 (Line Drive, 8RD, EV 93.8 MPH)
|
| Top of the 8th over - 0 runs, 0 hits, 0 errors, 0 left on base; West Virginia 5 - Los Angeles (NYP) 4 |
| BOTTOM OF THE 8TH |
|
Los Angeles (NYP) Dodgers batting - Pitching for West Virginia Black Bears : RHP Frank Morris
|
|
Pitching: RHP Ian Ferrara
|
|
|
Batting: RHB Juan Gallegos
|
0-0: Called Strike 0-1: Foul Ball, location: 2F 0-2: Ball 1-2: Strikes out looking
|
|
Batting: LHB Fernão Manta
|
0-0: Ball 1-0: Ball 2-0: Ground out U3 (Groundball, 3, EV 98.1 MPH)
|
|
Batting: RHB Brad Brady
|
0-0: Fly out, F9 (Flyball, 9LS, EV 86.2 MPH)
|
| Bottom of the 8th over - 0 runs, 0 hits, 0 errors, 0 left on base; West Virginia 5 - Los Angeles (NYP) 4 |
| TOP OF THE 9TH |
|
West Virginia Black Bears batting - Pitching for Los Angeles (NYP) Dodgers : RHP Ramon Luna
|
|
Batting: RHB John DeVillier
|
0-0: Called Strike 0-1: Ball 1-1: SINGLE (Groundball, 34D, EV 94.4 MPH)
|
|
Batting: RHB Seung-mun Kim
|
0-0: Called Strike 0-1: Called Strike 0-2: Strikes out looking
|
|
Batting: SHB Don Hauk
|
0-0: Called Strike John DeVillier steals 2nd base 0-1: Foul Ball, location: 2F 0-2: Foul Ball, location: 2F 0-2: Strikes out looking
|
|
Batting: RHB Brandon White
|
0-0: Called Strike 0-1: Ball 1-1: SINGLE (Groundball, 4MD, EV 103.1 MPH) John DeVillier to third Runner from 3rd tries for Home, SAFE, throw by CF to home
|
|
Batting: RHB Jaime Dubicki
|
0-0: Ground out 4-3 (Groundball, 34, EV 103.1 MPH)
|
| Top of the 9th over - 1 run, 2 hits, 0 errors, 1 left on base; West Virginia 6 - Los Angeles (NYP) 4 |
| BOTTOM OF THE 9TH |
|
Los Angeles (NYP) Dodgers batting - Pitching for West Virginia Black Bears : RHP Ian Ferrara
|
|
Pitching: RHP Joel Olausson
|
|
|
Batting: LHB Bobby Gambrell
|
0-0: Ground out 5-3 (Groundball, 5, EV 88.1 MPH)
|
|
Batting: RHB Bob Magana
|
0-0: Called Strike 0-1: Called Strike 0-2: Fly out, F8 (Flyball, 89S, EV 86.9 MPH)
|
|
Batting: SHB Josh Vaill
|
0-0: Swinging Strike 0-1: Ball 1-1: Foul Ball, location: 2F 1-2: Ball 2-2: Ball 3-2: Foul Ball, location: 2F 3-2: Strikes out swinging
|
| Bottom of the 9th over - 0 runs, 0 hits, 0 errors, 0 left on base; West Virginia 6 - Los Angeles (NYP) 4 |
|